 Dungeon Crawl Stone Soup version 0.31-a0-237-g2d982f9f85 (webtiles) character file.

Game seed: 13390919524090956014

228016 Dittersdorf the Peltast (level 19, 0/133 HPs)
             Began as a Gargoyle Fighter on June 29, 2023.
             Was the Champion of Okawaru.
             Slain by a broodmother (25 damage)
             ... on level 4 of the Spider Nest on July 11, 2023.
             The game lasted 01:02:39 (32177 turns).

Dittersdorf the Peltast (Gargoyle Fighter)         Turns: 32177, Time: 01:02:40

Health: 0/133      AC: 39    Str: 31    XL:     19   Next: 40%
Magic:  5/19       EV: 14    Int: 10    God:    Okawaru [******]
Gold:   3810       SH: 21    Dex: 15    Spells: 18/18 levels left

rFire   . . .        M - +7 eveningstar (protect)
rCold   . . .        U - +0 tower shield
rNeg    + . .        q - +2 scale mail "Rolott" {Regen+ Str+2}
rPois   ∞            P - +0 helmet {SInv}
rElec   +            n - +2 cloak {Will+}
rCorr   .            L - +2 pair of gloves {Dex+3}
SInv    +            B - +0 pair of boots of True Grit {Regen+ Dex+3}
Will    ++...        R - amulet of Vemer {RegenMP Fly Regen+ Str+2 Dex+2} Stlth
                     v - ring "Oseaqo" {rPois EV+5 Dex-2 SInv}
HPRegen 2.82/turn    O - +4 ring of slaying
MPRegen 0.56/turn

%: no passive effects
@: flying, hasted, very quick
A: sickness immunity, AC +14, big wings, negative energy resistance 1,
electricity resistance, torment resistance 1, petrification resistance,
MP-powered wands
}: 1/15 runes: decaying
a: Renounce Religion, Heroism, Finesse, Duel


You were on level 4 of the Spider Nest.
You worshipped Okawaru.
Okawaru was exalted by your worship.
You visited 6 branches of the dungeon, and saw 31 of its levels.
You visited 1 bazaar.
You also visited: Sewer, Gauntlet, Ice Cave and Volcano.

You collected 4850 gold pieces.
You spent 1040 gold pieces at shops.

Inventory:

Hand Weapons
 M - a +7 eveningstar of protection (weapon)
Missiles
 i - 5 throwing nets
 H - 6 curare-tipped darts (quivered)
Armour
 n - a +2 cloak of willpower (worn)
 q - the +2 scale mail "Rolott" (worn) {Regen+ Str+2}
   (You took it off a goblin on level 3 of the Dungeon)

   Str:       It affects your strength (+2).
   Regen:     It increases your rate of health regeneration.
 s - the +1 helmet of Eluq {rElec rN+}
   (You found it on level 2 of the Swamp)

   rElec:     It insulates you from electricity.
   rN:        It protects you from negative energy.
 B - the +0 pair of boots of True Grit (worn) {Regen+ Dex+3}
   (You bought it in a shop on level 4 of the Dungeon)

   Dex:       It affects your dexterity (+3).
   Regen:     It increases your rate of health regeneration.
 L - a +2 pair of gloves of dexterity (worn)
 P - a +0 helmet of see invisible (worn)
 U - a +0 tower shield (worn)
Jewellery
 t - a ring of fire
 v - the ring "Oseaqo" (left hand) {rPois EV+5 Dex-2 SInv}
   (You acquired it on level 6 of the Dungeon)

   [ring of evasion]

   EV:        It affects your evasion (+5).
   Dex:       It affects your dexterity (-2).
   rPois:     It protects you from poison.
   SInv:      It lets you see invisible.
 C - a ring of ice
 J - a ring of resist corrosion
 O - a +4 ring of slaying (right hand)
 R - the amulet of Vemer (around neck) {RegenMP Fly Regen+ Str+2 Dex+2}
   (You found it in a Gauntlet)

   [amulet of magic regeneration]

   It increases your rate of magic regeneration.
   Str:       It affects your strength (+2).
   Dex:       It affects your dexterity (+2).
   Fly:       It grants you flight.
   Regen:     It increases your rate of health regeneration.
Wands
 c - a wand of digging (21)
 A - a wand of iceblast (23)
 D - a wand of light (40)
Scrolls
 a - 12 scrolls of teleportation
 f - a scroll of blinking
 j - 4 scrolls of revelation
 y - a scroll of fog
 E - 5 scrolls of enchant armour
 F - 5 scrolls of silence
 I - 12 scrolls of identify
 Q - 4 scrolls of poison
Potions
 d - 6 potions of might
 e - 3 potions of berserk rage
 g - 8 potions of brilliance
 h - 2 potions of enlightenment
 k - 7 potions of curing
 l - 4 potions of cancellation
 m - 2 potions of invisibility
 o - 5 potions of heal wounds
 p - a potion of ambrosia
 r - 6 potions of haste
 w - a potion of mutation
 x - a potion of magic
 G - 2 potions of resistance


   Skills:
 + Level 19.2 Fighting
 + Level 17.6 Maces & Flails
 + Level 19.2 Armour
 + Level 19.2 Shields


You had 18 spell levels left.
You didn't know any spells.
Your spell library contained the following spells:

 Spells                   Type           Power      Damage    Failure   Level
 Beastly Appendage        Tmut           0%         N/A       67%         1
 Freeze                   Ice            0%         1d3       67%         1
 Kiss of Death            Conj/Necr      0%         2d5       67%         1
 Sandblast                Erth           0%         2d4       67%         1
 Shock                    Conj/Air       0%         1d3       67%         1
 Slow                     Hex            0%         N/A       67%         1
 Sting                    Tmut/Pois      0%         1d3       67%         1
 Blink                    Tloc           0%         N/A       80%         2
 Lesser Beckoning         Tloc           0%         N/A       80%         2
 Momentum Strike          Conj/Tloc      0%         3d8       80%         2
 Passwall                 Tmut/Erth      0%         N/A       80%         2
 Poisonous Vapours        Pois/Air       0%         N/A       80%         2
 Wereblood                Tmut           0%         N/A       80%         2
 Confusing Touch          Hex            0%         N/A       95%         3
 Gell's Gravitas          Tloc           0%         N/A       95%         3
 Hailstorm                Conj/Ice       0%         3d3       95%         3
 Mephitic Cloud           Conj/Pois/Air  0%         N/A       95%         3
 Ozocubu's Armour         Ice            0%         N/A       95%         3
 Spider Form              Tmut/Pois      0%         N/A       95%         3
 Stone Arrow              Conj/Erth      0%         3d7       95%         3
 Teleport Other           Tloc           0%         N/A       95%         3
 Vampiric Draining        Necr           0%         2d6       95%         3
 Volatile Blastmotes      Fire/Tloc      0%         2d10      95%         3
 Dispel Undead            Necr           0%         3d6       100%        4
 Flame Wave               Conj/Fire      0%         2d4       100%        4
 Fulminant Prism          Conj/Hex       0%         3d5       100%        4
 Iskenderun's Mystic Bla  Conj/Tloc      0%         2d3       100%        4
 Olgreb's Toxic Radiance  Pois           0%         N/A       100%        4
 Passage of Golubria      Tloc           0%         N/A       100%        4
 Petrify                  Tmut/Erth      0%         N/A       100%        4
 Fireball                 Conj/Fire      0%         3d3       100%        5
 Freezing Cloud           Conj/Ice/Air   0%         6-21      100%        5
 Lee's Rapid Deconstruct  Erth           0%         3d4*      100%        5
 Metabolic Englaciation   Hex/Ice        0%         N/A       100%        5
 Silence                  Hex/Air        0%         N/A       100%        5
 Yara's Violent Unravell  Hex/Tmut       0%         3d3       100%        5
 Conjure Ball Lightning   Conj/Air       0%         3x3d6     100%        6
 Dispersal                Tloc           0%         N/A       100%        6
 Starburst                Conj/Fire      0%         6d3       100%        6
 Orb of Destruction       Conj           0%         9d5       100%        7
 Discord                  Hex            0%         N/A       100%        8
 Disjunction              Tloc           0%         N/A       100%        8
 Chain Lightning          Conj/Air       0%         N/A       100%        9
 Fire Storm               Conj/Fire      0%         5d1       100%        9
 Shatter                  Erth           0%         3d5*      100%        9
 Sublimation of Blood     Necr           Unusable   N/A       N/A         2
 Summon Guardian Golem    Hex/Summ       Unusable   N/A       N/A         3
 Tukima's Dance           Hex            Unusable   N/A       N/A         3
 Simulacrum               Ice/Necr       Unusable   N/A       N/A         6
 Spellforged Servitor     Conj/Summ      Unusable   N/A       N/A         7

Dungeon Overview and Level Annotations

Branches:
Dungeon (15/15)            Temple (1/1) D:6            Lair (5/5) D:9
  Swamp (4/4) Lair:2       Spider (4/4) Lair:3        Slime (0/5) Lair:5
    Orc (2/2) D:9             Elf (0/3) Orc:2        Vaults (0/5) D:13
 Depths (0/4) D:15          Sewer (visited)           IceCv (visited)
Volcano (visited)         Gauntlet (visited)

Altars:
Ashenzari
Cheibriados
Dithmenos
Elyvilon
Fedhas
Gozag
Hepliaklqana
Kikubaaqudgha
Makhleb
Nemelex Xobeh
Okawaru
Ru
Sif Muna
Trog
Uskayaw
Vehumet
Wu Jian
Xom
Yredelemnul
Zin
The Shining One
Jiyva

Shops:
D:3 !=   D:4 [   D:8 =   Orc:1 [   Orc:2 ?([?

Annotations:
Temple 2 transporters


Innate Abilities, Weirdness & Mutations

You are immune to sickness and miasma.
Your stone body is resilient. (AC +14)
You are immune to poison.
Your large and strong wings let you fly.
You resist negative energy. (rN+)
You are resistant to electric shocks. (rElec)
You are resistant to unholy torment.
You are immune to petrification.
You expend magic power (3 MP) to strengthen your wands.


Message History

The jumping spider completely misses you.
The jumping spider leaps!
The jumping spider pounces on you!
* * * LOW HITPOINT WARNING * * *
You block the jumping spider's attack.
The jumping spider attacks as you move away!
The jumping spider pounces on you but does no damage.
The jumping spider bites you.
* * * LOW HITPOINT WARNING * * *
You block the tarantella's attack. The jumping spider pounces on you!
* * * LOW HITPOINT WARNING * * *
You are caught in a web!
The jumping spider bites you but does no damage.
There is a web here.
You struggle to detach yourself from the web.
The tarantella touches you but does no damage.
The tarantella completely misses you.
The jumping spider pounces on you but does no damage.
The jumping spider barely misses you.
The tarantella touches you but does no damage.
The tarantella barely misses you.
The web tears apart.
The jumping spider closely misses you. You block the jumping spider's attack.
You block the tarantella's attack. x2
Okay, then.
You feel much better.
The tarantella touches you but does no damage.
The tarantella barely misses you. You block the redback's attack.
The culicivora rages.
You block the tarantella's attack.
The tarantella touches you but does no damage.
The broodmother closely misses you.
The tarantella attacks as you move away!
You block the tarantella's attack. The redback attacks as you move away!
You block the redback's attack.
The culicivora is no longer berserk.
The tarantella is no longer berserk.
You block the redback's attack. The broodmother bites you!!
* * * LOW HITPOINT WARNING * * *
The jumping spider's many legs skitter faintly.
The broodmother attacks as you move away!
The broodmother bites you!!
You die...

..........^...## ...............#
. ...............## ##### .
^^^^..^^~.......## ###^^~## .##s
#########......^.####.~~.~.##.^^^
~^..^^..^..########.^.....≈~^s...
................~.^^...s.........
................sss#...s.†.ys....
..^.............@sss.s.y.s.s..^~.
^^^.^...........ss.#.s...^.s^..##
#####^...........(.^....^#####..^
..^~#####^.^^.....######## .
^..^.~...^.########
..........^.^~^~..#
.................##
#^^^.~.........^##
####.^..^.....##


You could see a broodmother (berserk), a ghost moth (invisible), a wolf spider,
2 culicivoras, 4 jumping spiders, 3 tarantellas and a redback (berserk).

Vanquished Creatures
  Nikola (Spider:1)
  A tentacled monstrosity (Swamp:4)
  The ghost of Tollund the Impaler, an adept MfBe of Trog (Spider:2)
  2 thorn hunters (Swamp:4)
  7 fenstrider witches
  4 emperor scorpions
  The ghost of Carotun the Warrior, a journeyman FoFi of Okawaru (D:15)
  Louise (Swamp:1)
  A frost giant (IceCv)
  A spectral juggernaut (D:15)
  A ghost moth (Spider:2)
  2 reapers (Swamp:4)
  5 ghouls
  2 broodmothers
  Nessos (Lair:4)
  The ghost of Jyudgh the Thaumaturge, a journeyman DjCj of Makhleb (Lair:4)
  4 spark wasps
  2 eleionomae
  3 bunyips
  Snorg (Lair:5)
  2 minotaurs
  An ettin (Orc:1)
  2 shambling mangroves
  4 entropy weavers
  A spectral spriggan (D:15)
  4 rakshasas
  12 hydras
  2 jorogumos (Spider:3)
  2 ghost crabs (Swamp:4)
  An ogre mage (Swamp:4)
  4 centaur warriors
  A spriggan air mage (Swamp:4)
  5 boulder beetles
  4 catoblepae
  7 alligators
  2 death scarabs
  8 demonic crawlers
  5 two-headed ogres
  2 radroaches (Spider:4)
  10 death yaks
  A tengu warrior (D:15)
  A soul eater (Swamp:4)
  3 spriggan berserkers
  12 spriggans
  4 skeletal warriors
  6 pharaoh ants
  3 skysharks
  A fire crab (shapeshifter) (D:14)
  3 sixfirhies (Swamp:4)
  8 goliath frogs
  9 spriggan druids
  A death drake (Swamp:3)
  A glowing orange brain (D:15)
  A spark wasp zombie (D:15)
  A deep elf archer (Volcano)
  An obsidian statue (D:12)
  6 orb spiders
  4 sun moths
  The ghost of AwFulAwFulPlayer the Martial Artist, a novice OpMo of Wu Jian (D:6)
  10 bog bodies
  4 swamp dragons
  9 steelbarb worms
  3 wizards (Swamp:4)
  A necromancer (D:13)
  7 deep elf pyromancers
  7 orc knights (Orc:2)
  An orc sorcerer (Orc:2)
  6 will-o-the-wisps
  3 cyclopes
  15 wolf spiders
  9 manticores
  A moth of wrath (Spider:3)
  14 elephants
  12 ugly things
  A smoke demon (D:9)
  An ice statue (IceCv)
  4 orange demons
  The ghost of rinse the Sneak, a novice VSBr (D:5)
  The ghost of Leavold the Skirmisher, a novice DECj of Gozag (D:7)
  2 gargoyles
  9 black mambas
  11 cane toads
  A storm dragon simulacrum (D:15)
  3 torpor snails
  2 efreet
  12 komodo dragons
  2 unseen horrors
  4 rime drakes
  2 kobold demonologists
  2 tengu conjurers (D:15)
  7 polar bears
  10 meliai
  7 trolls
  20 hornets
  2 hellwings
  A troll (shapeshifter) (D:14)
  23 tarantellas
  7 tyrant leeches
  A stone giant simulacrum (D:15)
  A frost giant simulacrum (D:15)
  2 raiju (Gauntlet)
  A fire giant simulacrum (D:15)
  6 blink frogs (Lair:4)
  17 culicivoras
  11 flying skulls (Gauntlet)
  19 jumping spiders
  25 slime creatures
  4 wraiths
  3 shadows
  3 vampires
  12 wyverns
  4 fire elementals (Volcano)
  3 fire bats (Lair:1)
  Eustachio (D:5)
  4 basilisks
  2 steam dragons
  55 redbacks
  86 yaks
  A spriggan simulacrum (D:15)
  11 vampire mosquitoes
  5 chaos spawn (Swamp:4)
  8 wargs
  16 swamp worms
  2 acid dragons
  17 water moccasins
  3 hell hounds (Volcano)
  Pargi (Sewer)
  An ice beast (shapeshifter) (D:15)
  A sky beast (D:7)
  A swamp drake (Swamp:2)
  A black bear (shapeshifter) (D:15)
  4 ice beasts
  40 orc warriors
  6 ogres
  4 black bears
  3 boggarts (D:15)
  21 wolves
  11 centaurs
  A phantom (D:5)
  8 kobold brigands
  10 bullfrogs
  3 necrophages
  2 scorpions (D:5)
  A glowing shapeshifter simulacrum (D:15)
  12 wights
  10 killer bees (D:9)
  An electric eel (Lair:2)
  A howler monkey (D:7)
  3 hounds (D:5)
  A jelly (D:6)
  13 orc priests
  2 sleepcaps
  Terence (D:2)
  An iguana (D:5)
  21 orc wizards
  4 hell rats (Lair:3)
  2 lightning spires (Gauntlet)
  A centaur simulacrum (D:5)
  3 bullfrog simulacra (D:5)
  4 gnolls (D:5)
  10 adders
  2 river rats (D:4)
  A shadow imp (D:5)
  A howler monkey simulacrum (D:5)
  6 worms
  95 orcs
  5 endoplasms
  3 giant cockroaches
  3 goblins
  5 hobgoblins
  6 jackals (D:1)
  5 quokkas
  2 ball pythons
  9 bats
  4 frilled lizards
  10 kobolds
  7 rats
1121 creatures vanquished.

Vanquished Creatures (others)
  An eleionoma (Swamp:4)
  A hydra (Swamp:4)
  A pharaoh ant (Spider:1)
  A hellwing (Swamp:4)
  A polar bear (IceCv)
  2 tarantellas
  3 bloated husks
  6 swamp worms (Swamp:2)
  A water moccasin (Lair:4)
  An orc (Orc:2)
  26 foxfires
44 creatures vanquished.

Grand Total: 1165 creatures vanquished

Notes
Turn   | Place    | Note
-------+----------+-------------------------------------------
     0 | D:1      | Dittersdorf the Gargoyle Fighter began the quest for the
                  | Orb.
     0 | D:1      | Reached XP level 1. HP: 14/14 MP: 1/1
    54 | D:1      | You fall into a shaft and drop 1 floor!
    77 | D:2      | Reached XP level 2. HP: 19/19 MP: 2/2
   295 | D:1      | Reached XP level 3. HP: 6/23 MP: 3/3
  1275 | D:2      | Noticed Terence
  1293 | D:2      | Killed Terence
  1294 | D:2      | Reached XP level 4. HP: 13/29 MP: 4/4
  1880 | D:3      | Found Cael's One-of-a-Kind Rings.
  1988 | D:3      | Identified the +2 scale mail "Rolott" {Regen+ Str+2}
  2168 | D:3      | Noticed an ice beast
  2186 | D:3      | Killed an ice beast
  2187 | D:3      | Reached XP level 5. HP: 30/34 MP: 5/5
  2312 | D:3      | Found a faded altar of an unknown god.
  2334 | D:3      | Found Vinke's Distillery.
  2361 | D:3      | Bought a potion of heal wounds for 60 gold pieces
  2599 | D:4      | Identified the +8 scale mail of Uzxy {*Corrode rElec
                  | Stlth+}
  2673 | D:4      | Reached XP level 6. HP: 39/39 MP: 6/6
  2747 | D:4      | Found a glowing drain.
  2755 | Sewer    | Entered a sewer
  2795 | Sewer    | Noticed Pargi
  2829 | Sewer    | Killed Pargi
  3086 | D:4      | Found Toraggut's Armour Shop.
  3521 | D:5      | Entered Level 5 of the Dungeon
  3558 | D:5      | Noticed Eustachio
  3568 | D:5      | Found a runed translucent gate.
  3586 | D:5      | Killed Eustachio
  3587 | D:5      | Reached skill level 5 in Fighting
  3587 | D:5      | Reached skill level 5 in Armour
  3587 | D:5      | Reached skill level 5 in Shields
  3587 | D:5      | Reached XP level 7. HP: 38/44 MP: 7/7
  3593 | D:5      | Found a runed translucent gate.
  3761 | D:5      | Reached XP level 8. HP: 28/51 MP: 8/8
  3873 | D:5      | Reached skill level 5 in Maces & Flails
  4089 | D:5      | Found a runed translucent gate.
  4388 | D:5      | Noticed rinse's ghost (novice VSBr)
  4661 | D:6      | Noticed a kobold demonologist
  4661 | D:6      | Noticed AwFulAwFulPlayer's ghost (novice OpMo)
  4661 | D:6      | Found a runed translucent gate.
  4661 | D:6      | Found a runed translucent gate.
  4661 | D:6      | Found a runed translucent gate.
  4709 | D:6      | Found a staircase to the Ecumenical Temple.
  4728 | Temple   | Entered the Ecumenical Temple
  4728 | Temple   | Found a transporter.
  4728 | Temple   | Found a transporter.
  4730 | Temple   | Found a transporter.
  4730 | Temple   | Found a transporter.
  4745 | Temple   | Became a worshipper of Warmaster Okawaru
  4809 | D:6      | Identified a scroll of acquirement
  4810 | D:6      | Acquired the ring "Oseaqo" {rPois EV+5 Dex-2 SInv}
  5130 | D:6      | Reached XP level 9. HP: 56/56 MP: 9/9
  5495 | D:6      | Got the Vellum of the Blistering Squall
  6086 | D:7      | Found an opulent altar of Gozag.
  6212 | D:7      | Found a radiant altar of Vehumet.
  6245 | D:7      | Found a shimmering altar of Xom.
  6358 | D:7      | Found a transporter.
  6359 | D:7      | Noticed a two-headed ogre
  6372 | D:7      | Found a transporter.
  6378 | D:7      | Noticed Leavold's ghost (novice DECj)
  6572 | D:7      | Reached * piety under Okawaru
  6759 | D:8      | Found Garoiblo's Jewellery Shoppe.
  6996 | D:4      | Bought the +0 pair of boots of True Grit {Regen+ Dex+3} for
                  | 195 gold pieces
  7524 | D:8      | Noticed a hornet
  7543 | D:8      | Killed a hornet
  7543 | D:8      | Reached ** piety under Okawaru
  7544 | D:8      | Reached XP level 10. HP: 64/64 MP: 8/10
  8528 | D:9      | Noticed a smoke demon
  8553 | D:9      | Killed a smoke demon
  8746 | D:9      | Reached *** piety under Okawaru
  8841 | D:9      | Noticed an orange demon
  8896 | D:9      | Killed an orange demon
  8897 | D:9      | Reached XP level 11. HP: 57/71 MP: 4/11
  8969 | D:9      | Found a staircase to the Lair.
  9140 | D:9      | Reached **** piety under Okawaru
  9480 | D:9      | Found a staircase to the Orcish Mines.
  9532 | D:9      | Reached skill level 10 in Shields
  9622 | D:10     | Entered Level 10 of the Dungeon
  9632 | D:10     | Reached skill level 10 in Fighting
  9632 | D:10     | Reached skill level 10 in Armour
  9713 | D:10     | Identified the +7 orcbow of Propriety {speed, SInv}
 10121 | D:10     | Noticed a two-headed ogre
 10128 | D:10     | Killed a two-headed ogre
 10128 | D:10     | Reached ***** piety under Okawaru
 10306 | Lair:1   | Entered Level 1 of the Lair of Beasts
 10400 | Lair:1   | Received a gift from Okawaru
 10459 | Lair:1   | Reached XP level 12. HP: 79/79 MP: 12/12
 10465 | Lair:1   | Found a dark tunnel.
 10474 | Volcano  | Entered a volcano
 10538 | Volcano  | Reached skill level 10 in Maces & Flails
 11020 | Lair:1   | Reached ****** piety under Okawaru
 11024 | Lair:1   | Identified the +6 ring mail of Crawling {*Corrode Int+4}
                  | (Okawaru gifted it to you on level 1 of the Lair of Beasts)
 11024 | Lair:1   | Received a gift from Okawaru
 11539 | Lair:2   | Noticed a six-headed hydra
 11555 | Lair:1   | Killed a six-headed hydra
 11711 | D:5      | Killed rinse's ghost
 11856 | D:6      | Killed AwFulAwFulPlayer's ghost
 11857 | D:6      | Reached XP level 13. HP: 72/86 MP: 9/13
 12048 | D:7      | Killed Leavold's ghost
 12090 | D:7      | Identified the +4 short sword "Conservator" {antimagic,
                  | Str+3} (Okawaru gifted it to you on level 7 of the Dungeon)
 12090 | D:7      | Received a gift from Okawaru
 12427 | Lair:2   | Identified the +3 leather armour of the Game of Kings
                  | {rPois}
 13168 | Lair:2   | Found a staircase to the Swamp.
 13240 | Lair:3   | Identified the +4 falchion "Jirgh" {flame, Str+5}
 13572 | Lair:3   | Upgraded the game from 0.31-a0-210-gccc998df9b to
                  | 0.31-a0-237-g2d982f9f85
 13743 | Lair:3   | Found a hole to the Spider Nest.
 13818 | Lair:3   | Received a gift from Okawaru
 14163 | Lair:3   | Gained mutation: Your large and strong wings let you fly.
                  | [Gargoyle growth]
 14163 | Lair:3   | Reached XP level 14. HP: 91/94 MP: 12/14
 14703 | Lair:4   | Noticed Nessos
 14749 | Lair:4   | Killed Nessos
 14820 | Lair:4   | Found a runed translucent gate.
 14820 | Lair:4   | Found a runed translucent gate.
 14820 | Lair:4   | Found a runed translucent gate.
 14824 | Lair:4   | Noticed Jyudgh's ghost (journeyman DjCj)
 15303 | Lair:4   | Killed Jyudgh's ghost
 15351 | Lair:5   | Entered Level 5 of the Lair of Beasts
 15556 | Lair:5   | Received a gift from Okawaru
 16073 | Lair:5   | Noticed Snorg
 16075 | Lair:5   | Found a staircase to the Slime Pits.
 16076 | Lair:5   | Found a viscous altar of Jiyva.
 16097 | Lair:5   | Killed Snorg
 16465 | Lair:5   | Reached XP level 15. HP: 96/101 MP: 7/15
 16589 | Lair:5   | Identified the ring "Axkac" {MP+9 SInv}
 17125 | D:11     | Received a gift from Okawaru
 17153 | D:11     | Identified the +4 mace "Ashrur" {freeze, Fly rElec rF+}
 17202 | D:11     | Acquired 939 gold pieces
 17397 | D:12     | Found a frozen archway.
 17416 | IceCv    | Entered an ice cave
 17515 | IceCv    | Reached skill level 15 in Shields
 17592 | IceCv    | Reached skill level 15 in Armour
 17626 | IceCv    | Reached skill level 15 in Fighting
 17786 | IceCv    | Noticed a frost giant
 17811 | IceCv    | Killed a frost giant
 17893 | IceCv    | Got the Book of Minerals and the Salvo
 18214 | D:12     | Found a gateway to a bazaar.
 18369 | D:12     | Received a gift from Okawaru
 18900 | D:13     | Identified the +11 hand axe "Bohof" {heavy, rN+ Stlth+}
 19274 | D:13     | Identified the +4 scale mail of Summertime {MP+9 Int+8
                  | Dex+4} (Okawaru gifted it to you on level 13 of the
                  | Dungeon)
 19274 | D:13     | Received a gift from Okawaru
 19323 | D:13     | Found a gate to the Vaults.
 19964 | D:14     | Found a gate leading to a gauntlet.
 19972 | Gauntlet | Entered a Gauntlet
 19972 | Gauntlet | Found a transporter.
 19981 | Gauntlet | Found a transporter.
 19999 | Gauntlet | Found a transporter.
 20002 | Gauntlet | Found a transporter.
 20023 | Gauntlet | Found a transporter.
 20035 | Gauntlet | Found a transporter.
 20039 | Gauntlet | Found a runed translucent door.
 20044 | Gauntlet | Found a transporter.
 20048 | Gauntlet | Found a transporter.
 20071 | Gauntlet | Found a transporter.
 20100 | Gauntlet | Found a transporter.
 20100 | Gauntlet | Found a transporter.
 20105 | Gauntlet | Found a transporter.
 20200 | Gauntlet | Identified the amulet of Vemer {RegenMP Fly Regen+ Str+2
                  | Dex+2}
 20299 | Gauntlet | Identified the +2 pair of gloves "Xiumigish" {*Corrode +Inv
                  | Dex+2 Slay+5}
 20309 | Gauntlet | Identified the +0 dagger of Gosorgh {heavy, rPois rF+ rN++
                  | Dex-3}
 20331 | Gauntlet | Identified the +4 falchion "Killer Bee's Regret" {drain,
                  | rF+ Dex+5}
 20331 | Gauntlet | Identified the +5 sling "Havoad Umibb" {flame, +Blink MP+9
                  | Str-3 Int+2}
 20344 | D:14     | Found a broken altar of Ashenzari.
 20755 | D:14     | Reached XP level 16. HP: 97/109 MP: 16/16
 21226 | D:15     | Entered Level 15 of the Dungeon
 21236 | D:15     | Got Taoghuv's Spellbook of Snow-white Modification
 21671 | D:15     | Received a gift from Okawaru
 21796 | D:15     | Found a shadowy altar of Dithmenos.
 21818 | D:15     | Found a runed translucent gate.
 21818 | D:15     | Found a runed translucent gate.
 21818 | D:15     | Found a runed translucent gate.
 22042 | D:15     | Found a staircase to the Depths.
 22043 | D:15     | Gained mutation: You expend magic power (3 MP) to
                  | strengthen your wands. [a shining eye]
 22100 | D:15     | Noticed Carotun's ghost (journeyman FoFi)
 22156 | D:15     | Killed Carotun's ghost
 22508 | Bazaar   | Entered a bazaar
 22508 | Bazaar   | Found Cafiewn's Assorted Antiques.
 22508 | Bazaar   | Found Xykkue's Antique Armour Emporium.
 22508 | Bazaar   | Found Houjao's Magic Scroll Emporium.
 22508 | Bazaar   | Found Tululu Umnu's Distillery.
 22516 | Bazaar   | Bought a potion of heal wounds for 90 gold pieces
 22516 | Bazaar   | Bought a potion of heal wounds for 90 gold pieces
 22518 | Bazaar   | Bought a scroll of enchant weapon for 120 gold pieces
 22526 | Bazaar   | Bought a runed helmet for 195 gold pieces
 22539 | Bazaar   | Bought a potion of heal wounds for 55 gold pieces
 22539 | Bazaar   | Bought a potion of heal wounds for 55 gold pieces
 22649 | Swamp:1  | Entered Level 1 of the Swamp
 22786 | Swamp:1  | Reached skill level 15 in Maces & Flails
 22822 | Swamp:1  | Received a gift from Okawaru
 22962 | Swamp:1  | Identified the ring "Ammi" {Fly Int+2}
 23235 | Swamp:1  | Noticed a fenstrider witch
 23235 | Swamp:1  | Paralysed by a fenstrider witch for 3 turns
 23250 | Swamp:1  | Killed a fenstrider witch
 23373 | Swamp:1  | Noticed Louise
 23401 | Swamp:1  | Killed Louise
 23581 | Swamp:2  | Found a transporter.
 23629 | Swamp:2  | Found a transporter.
 23683 | Swamp:2  | Received a gift from Okawaru
 23783 | Swamp:2  | Reached XP level 17. HP: 116/116 MP: 17/17
 24350 | Swamp:2  | Identified the +1 helmet of Eluq {rElec rN+}
 24352 | Swamp:2  | Identified the ring "Quaqeplu" {Wiz *Corrode Drain rPois
                  | rN+++}
 24371 | Swamp:3  | Found the +3 Mad Mage's Maulers {Infuse+∞ VampMP -Cast}
 25175 | Swamp:4  | Entered Level 4 of the Swamp
 25514 | Swamp:4  | Noticed a tentacled monstrosity
 25535 | Swamp:4  | Killed a tentacled monstrosity
 25541 | Swamp:4  | Identified the +4 ring mail of Catatonia {+Inv rCorr}
                  | (Okawaru gifted it to you on level 4 of the Swamp)
 25541 | Swamp:4  | Received a gift from Okawaru
 25996 | Swamp:4  | Paralysed by a fenstrider witch for 4 turns
 26002 | Swamp:4  | HP: 4/119 [fenstrider witch (10)]
 26047 | Swamp:4  | Reached XP level 18. HP: 113/124 MP: 18/18
 26181 | Swamp:4  | Got a decaying rune of Zot
 26689 | Spider:1 | Entered Level 1 of the Spider Nest
 26781 | Spider:1 | Noticed Nikola
 26796 | Spider:1 | Killed Nikola
 26854 | Spider:1 | Received a gift from Okawaru
 27729 | Orc:1    | Entered Level 1 of the Orcish Mines
 27993 | Orc:1    | Found a transporter.
 28015 | Orc:1    | Found Wugiynk's Armour Shoppe.
 28079 | Orc:1    | Found a transporter.
 28385 | Orc:2    | Entered Level 2 of the Orcish Mines
 28631 | Orc:2    | Found a staircase to the Elven Halls.
 28691 | Orc:2    | Found Ytto's Magic Scroll Shop.
 28697 | Orc:2    | Found Qomue's Weapon Shoppe.
 28760 | Orc:2    | Bought a scroll of enchant weapon for 90 gold pieces
 28922 | Orc:2    | Found Exkes's Magic Scroll Shoppe.
 28947 | Orc:2    | Bought a scroll of blinking for 90 gold pieces
 28952 | Orc:2    | Found Joskej's Armour Shop.
 29750 | Spider:2 | Noticed Tollund's ghost (adept MfBe)
 29751 | Spider:2 | Found a runed translucent gate.
 29756 | Spider:2 | Found a runed translucent gate.
 29756 | Spider:2 | Found a runed translucent gate.
 30473 | Spider:2 | Received a gift from Okawaru
 30524 | Spider:2 | Killed Tollund's ghost
 30538 | Spider:2 | Identified the +2 cloak "Voczael" {*Slow Fly rCorr Slay+3}
 30719 | Spider:3 | Got the Guidebook on the Sweltering Grave
 30758 | Spider:3 | Reached XP level 19. HP: 109/132 MP: 19/19
 31205 | Spider:4 | Entered Level 4 of the Spider Nest
 32177 | Spider:4 | Slain by a broodmother

Illustrated notes

Levels and vault maps discovered:
D:1:      pf_arrival_petrified_forest, layout_basic
D:2:      layout_basic, uniq_terence
D:3:      layout_rooms, hellmonk_ecumenical_altar_leap_of_faith, serial_shops,
          shop, grunt_decor_junction, nicolae_shop_unique_rings
D:4:      layout_loops_ring, serial_shops, nicolae_shop_behind_doors,
          lightli_sewer_entry_pipes, hex_large
D:5:      layout_loops_corners, gammafunk_ghost_icy, patterned_corridor,
          uniq_eustachio
D:6:      layout_loops_corners, minmay_temple_entry_ruins,
          gammafunk_ghost_nasty_kobolds, amcnicky_mini_corridor_feature,
          kennysheep_small_spiral
D:7:      layout_loops_corners, mainiacjoe_overflow_big_doors,
          mainiacjoe_overflow_paths, nzn_ghost_randoct, hangedman_decor_push
D:8:      layout_loops_ring, nicolae_stop_n_shop_1, nicolae_benzene_ring,
          kennysheep_cluttered_room, wad_mini_maze
D:9:      layout_basic, lair_entry_dummy, david_orc_4, serial_demonic,
          serial_demonic_g, serial_demonic_b, serial_demonic_b, serial_demonic_g
D:10:     layout_rooms, grunt_ogre_cave, chequers_serial_rivers_micro_b
D:11:     layout_rooms, chequers_serial_rivers_room_a
D:12:     layout_roguey, serial_shops, statue_bzr,
          portal_ice_cave_entry_pillars_1
D:13:     layout_stronghold, david_vaults_1
D:14:     minmay_connected_triangles_in_corner, layout_irregular_city,
          gauntlet_entry_generic, cheibrodos_ashenzari_chains
D:15:     gammafunk_enter_depths_forms, layout_irregular_city,
          grunt_dithmenos_shadows, gammafunk_ghost_necromancy, st_stairs_1
Temple:   hellmonk_temple_divided_pantheon
Lair:1:   layout_misc_corridors, nicolae_volcano_entry_batcave,
          grunt_megastairs_5, lemuel_fruit_fields
Lair:2:   layout_hall_layers, nicolae_swamp_entry_splash_gauntlet
Lair:3:   layout_regular_city, spider_nest_entry_webs,
          chequers_serial_rivers_small_3, minmay_shattered_shrine
Lair:4:   layout_long_grid, maelrawn_ghost_gauntlet_escape,
          serial_bayou_shore_a, serial_bayou_shore_b, grunt_megastairs_2,
          infiniplex_staircase_pool_2, uniq_nessos
Lair:5:   evilmike_catoblepas_cave, layout_loops_ring, slime_entry_1,
          lemuel_old_faithful, uniq_snorg
Swamp:1:  layout_basic_swamp, nicolae_swamp_well_well_well, uniq_louise
Swamp:2:  gammafunk_worm_tunnel, layout_falls_marsh, nicolae_swamp_some_circles,
          swamp_pool2, hangedman_swamp_lotus
Swamp:3:  layout_basic_swamp, evilmike_swamp_ruin_house_1,
          infiniplex_staircase_pool
Swamp:4:  nzn_swamp_witches_coven, layout_basic_swamp, swamp_pool4
Spider:1: layout_spider_delve, uniq_nikola
Spider:2: nicolae_spider_hilbert_zone_6 [nicolae_spider_hilbert_4_sides_1_open,
          nicolae_spider_hilbert_4_sides_1_open,
          nicolae_spider_hilbert_4_sides_1_open,
          nicolae_spider_hilbert_4_sides_1_open,
          nicolae_spider_hilbert_4_sides_1_open,
          nicolae_spider_hilbert_4_sides_1_open,
          nicolae_spider_hilbert_4_sides_1_open], gammafunk_ghost_split
Spider:3: layout_spider_delve, nicolae_spider_cling_ruins,
          hangedman_spider_tarantella_strand
Spider:4: grunt_spider_rune_parallel
Orc:1:    layout_caves, serial_shops, nicolae_shop_drivethru
Orc:2:    st_orc_town, layout_caves

Skill      XL: |  1  2  3  4  5  6  7  8  9 10 11 12 13 14 15 16 17 18 19 |
---------------+----------------------------------------------------------+-----
Armour         | 4 5 6 8 9 10 12 13 14 15 16 17 18 19 | 19.2
Fighting       | 4 5 6 8 9 10 12 13 14 15 16 17 18 19 | 19.2
Shields        | 4 5 6 8 9 10 12 13 14 15 16 17 18 19 | 19.2
Maces & Flails | 3 4 5 7 8 9 11 12 13 14 15 16 17 | 17.6

Action                     |  1- 3 |  4- 6 |  7- 9 | 10-12 | 13-15 | 16-18 | 19-21 || total
---------------------------+-------+-------+-------+-------+-------+-------+-------++-------
  Melee: Flail             |   144 |   237 |   322 |   881 |  1965 |  2274 |       ||  5823
         Eveningstar       |       |       |       |       |       |    85 |   296 ||   381
  Throw: Dart              |       |     8 |       |       |     4 |     4 |     1 ||    17
 Invoke: Heroism           |       |       |       |     3 |     9 |    14 |     1 ||    27
    Use: Scroll            |       |    12 |     8 |     5 |     7 |     7 |     5 ||    44
         Potion            |       |       |       |       |       |     5 |     6 ||    11
   Stab: Petrified         |       |       |       |       |     5 |       |       ||     5
         Distracted        |       |       |       |       |       |     1 |       ||     1
 Armour: Scale mail        |    69 |   236 |   117 |   413 |   857 |   970 |   212 ||  2874
         Chain mail        |       |    11 |       |       |       |       |       ||    11
  Dodge: Dodged            |    68 |   120 |   166 |   488 |  1132 |   897 |   187 ||  3058
  Block: Buckler           |    37 |       |       |       |       |       |       ||    37
         Kite shield       |    16 |   215 |   206 |   811 |  1751 |   376 |       ||  3375
         Tower shield      |       |       |       |       |       |  1878 |   451 ||  2329

Table legend: (Time is in decaauts)
 A = Elapsed time spent in this place.
 B = Non-inter-level travel time spent in this place.
 C = Inter-level travel time spent in this place.
 D = Time resting spent in this place.
 E = Time spent auto-exploring this place.
 F = Levels seen in this place.
 G = Mean time per level.
                   A        B        C        D        E       F      G
               +--------+--------+--------+--------+--------+-----+--------+
         Total |  31637 |  28761 |   2876 |   1223 |  17718 |  36 |  878.8 |
       Dungeon |  15456 |  13710 |   1746 |    433 |   9532 |  15 | 1030.4 |
        Temple |     32 |     32 |      0 |      0 |      2 |   1 |   32.0 |
          Lair |   5711 |   5131 |    580 |      3 |   3377 |   5 | 1142.2 |
         Swamp |   3746 |   3491 |    255 |    505 |   1737 |   4 |  936.5 |
   Spider Nest |   3557 |   3411 |    146 |    269 |   1607 |   4 |  889.2 |
  Orcish Mines |   1415 |   1267 |    148 |      0 |    922 |   2 |  707.5 |
        Bazaar |     40 |     40 |      0 |      0 |     24 |   1 |   40.0 |
         Sewer |    135 |    135 |      0 |      0 |     32 |   1 |  135.0 |
      Ice Cave |    692 |    692 |      0 |      0 |    336 |   1 |  692.0 |
       Volcano |    504 |    504 |      0 |     13 |      2 |   1 |  504.0 |
      Gauntlet |    345 |    345 |      0 |      0 |    147 |   1 |  345.0 |
               +--------+--------+--------+--------+--------+-----+--------+

Top non-repeatable levels by time:
     D:6: 1502 daAuts
     D:8: 1390 daAuts
     D:5: 1374 daAuts
     D:2: 1320 daAuts
  Lair:3: 1300 daAuts
  Lair:5: 1292 daAuts
     D:9: 1278 daAuts
     D:7: 1264 daAuts
  Lair:2: 1185 daAuts
 Swamp:4: 1177 daAuts
    D:13: 1149 daAuts
Spider:2: 1145 daAuts
    D:15: 1085 daAuts
  Lair:1: 1040 daAuts
     D:4: 979 daAuts
